 Dungeon Crawl Stone Soup version 0.21-a0-243-g597973d (webtiles) character file.

11 Blomdor the Magician (level 2, 0/36 HPs)
             Began as a Barachi Wizard on Sept 4, 2017.
             Succumbed to an adder's poison
             ... on level 2 of the Dungeon.
             The game lasted 00:02:04 (883 turns).

Blomdor the Magician (Barachi Wizard)                Turns: 883, Time: 00:02:05

Health: 0/36       AC: 21    Str: 10    XL:     2   Next: 29%
Magic:  1/6        EV:  2    Int: 18    God:
Gold:   24         SH:  0    Dex: 10    Spells: 6/7 levels left

rFire    . . .     SeeInvis .   k - +0 hand axe
rCold    . . .     Gourm    .   (no shield)
rNeg     + + +     Faith    .   (armour currently unavailable)
rPois    +         Spirit   .   (helmet currently unavailable)
rElec    .         Reflect  .   (cloak currently unavailable)
rCorr    .         Harm     .   (gloves currently unavailable)
MR       +....     NoTele   +   (boots currently unavailable)
Stlth    ++........             (no amulet)
HPRegen  0.12/turn              l - ring of protection from magic
MPRegen  0.10/turn              e - -2 ring of evasion (curse)

@: lethally poisoned (0 -> -9), tree-form, very slightly contaminated
A: +LOS, swims, robust 1, strong 1, wild magic 1
a: no special abilities


You were on level 2 of the Dungeon.
You were not hungry.
You were a tree.
You visited 1 branch of the dungeon, and saw 2 of its levels.

You collected 24 gold pieces.

Inventory:

Hand Weapons
 k - a +0 hand axe (weapon)
 n - a +0 short sword
 o - a +0 short sword of holy wrath
Armour
 a - a +0 robe (melded)
 b - a +0 hat (melded)
 i - a +0 scale mail
Jewellery
 e - a cursed -2 ring of evasion (right branch)
 l - a ring of protection from magic (left branch)
Books
 c - a book of Minor Magic

   Spells                             Type                      Level
   a - Magic Dart                     Conjuration                  1
   b - Blink                          Translocation                2
   c - Call Imp                       Summoning                    2
   d - Slow                           Hexes                        2
   e - Conjure Flame                  Conjuration/Fire             3
   f - Mephitic Cloud                 Conjuration/Poison/Air       3
Comestibles
 d - a bread ration
 f - 2 royal jellies
 j - a meat ration


   Skills:
 - Level 2.0 Fighting
 * Level 0.7 Axes
 - Level 2.1 Dodging
 - Level 1.7 Stealth
 - Level 3.2 Spellcasting
 - Level 1.1 Conjurations
   Level 1.2 Summonings
   Level 1.1 Translocations


You had 6 spell levels left.
You knew the following spells:

 Your Spells              Type           Power        Failure   Level  Hunger
a - Magic Dart            Conj           #...         14%         1    None


Dungeon Overview and Level Annotations

Branches:
Dungeon (2/15)

Altars:


Innate Abilities, Weirdness & Mutations

Shadows flee at your approach. (+LOS)
You can swim through water.
((You cover ground slowly.))
((You can hop short distances.))
You are robust. (+10% HP)
Your muscles are strong. (Str +2)
Your spells are a little harder to cast, but a little more powerful.


Message History

You are ready to hop once more.
* * * LOW HITPOINT WARNING * * *
You feel sick. The adder bites you.
* * * LOW HITPOINT WARNING * * *
The adder bites you but does no damage.
You closely miss the adder.
The adder is heavily wounded.
* * * LOW HITPOINT WARNING * * *
You feel sick.
The adder bites you but does no damage. x2
Casting: Magic Dart
Confirm with . or Enter, or press ? or * to list all spells.
Aiming: Magic Dart
Press: ? - help, Shift-Dir - straight line, f/p - adder
Aim: an adder (heavily wounded)
You miscast Magic Dart.
Nothing appears to happen.
* * * LOW HITPOINT WARNING * * *
You feel sick. The adder bites you but does no damage.
You hit the adder but do no damage.
The adder is heavily wounded.
You die...

#............
#............
########............
#......#............
#......#...........S
#......'............
#......#............
##......#########+###
#.......)S♣...#
#..........<..#
#............(#
#...........(.#
#.[.).........#
#.............#
#.............#
#.............#
#.............#


You could see an adder.

Vanquished Creatures
  A bat (D:2)
  2 giant cockroaches (D:1)
  A hobgoblin (D:1)
  4 kobolds (D:1)
  A frilled lizard (D:1)
  A rat (D:1)
10 creatures vanquished.

Notes
Turn   | Place    | Note
-------+----------+-------------------------------------------
     0 | D:1      | Blomdor the Barachi Wizard began the quest for the Orb.
     0 | D:1      | Reached XP level 1. HP: 13/13 MP: 4/4
   131 | D:1      | Reached skill level 1 in Fighting
   277 | D:1      | Reached XP level 2. HP: 7/22 MP: 0/6
   876 | D:2      | Gained mutation: Your muscles are strong. (Str +2) [potion of mutation]
   876 | D:2      | Gained mutation: Your spells are a little harder to cast, but a little more powerful. [potion of mutation]
   876 | D:2      | Gained mutation: You are robust. (+10% HP) [potion of mutation]
   882 | D:2      | HP: 1/36 [poisoned by an adder]
   883 | D:2      | Succumbed to an adder's poison

Vault maps used:
D:1:      minmay_arrival_radiant_lines
D:2:      chequers_ecumenical_altar_simple

Skill      XL: |  1  2 |
---------------+-------+-----
Fighting       | 1 2 |  2.0
Axes           | |  0.7
Dodging        | |  2.1
Stealth        | |  1.7
Spellcasting   | |  3.2
Conjurations   | |  1.1
Summonings     | |  1.2
Translocations | |  1.1

Action                   || total
-------------------------++-------
Melee: Club              ||    13
       Short sword       ||     5
       Hand axe          ||    16
 Cast: Magic Dart        ||    18
 Abil: Hop               ||     2
  Use: Potion            ||     3
       Scroll            ||     1
Armor: Robe              ||    14
       Skin              ||     7
Dodge: Dodged            ||    40

Table legend:
 A = Spawn XP
 B = Non-spawn XP
 C = Spawn XP percentage of total XP
 D = Spawn monster count
 E = Non-spawn monster count
 F = Spawn count percentage of total count
 G = Total turns spent on level
                    A         B        C        D         E        F      G
               +---------+---------+-------+---------+---------+-------+---------
         Total |       2 |      15 |  11.8 |       1 |       9 |  10.0 |   883
               +---------+---------+-------+---------+---------+-------+---------
           D:1 |       2 |      13 |  13.3 |       1 |       8 |  11.1 |   820
           D:2 |       0 |       2 |   0.0 |       0 |       1 |   0.0 |    63
               +---------+---------+-------+---------+---------+-------+---------
